 Dungeon Crawl Stone Soup version 0.29-a0-841-g116ddc6ace (webtiles) character file.

Game seed: 9605420998934951632

101 xian the Charlatan (level 4, 0/28 HPs)
             Began as a Tengu Wanderer on July 14, 2022.
             Was an Initiate of Gozag.
             Succumbed to a kobold's poison
             ... on level 3 of the Dungeon.
             The game lasted 00:05:13 (1580 turns).

xian the Charlatan (Tengu Wanderer)                 Turns: 1580, Time: 00:05:14

Health: 0/28       AC: 11    Str: 14    XL:     4   Next: 75%
Magic:  5/5        EV:  6    Int: 10    God:    Gozag
Gold:   175        SH:  0    Dex: 16    Spells: 3/3 levels left

rFire   . . .      SeeInvis .   a - +1 quarterstaff
rCold   . . .      Faith    .   (shield currently unavailable)
rNeg    . . .      Spirit   .   m - +0 chain mail
rPois   .          Reflect  .   f - +2 hat
rElec   .          Harm     .   (no cloak)
rCorr   .          Rampage  .   l - +0 pair of gloves
Will    .....                   (boots unavailable)
Stlth   ..........              e - amulet of regeneration
HPRegen 0.89/turn               (no ring)
MPRegen 0.09/turn               (no ring)

@: lethally poisoned (0 -> -19)
A: beak, talons 3
a: Renounce Religion, Potion Petition, Call Merchant, Bribe Branch


You were on level 3 of the Dungeon.
You worshipped Gozag.
Gozag was aware of your devotion.
You visited 1 branch of the dungeon, and saw 3 of its levels.

You collected 205 gold pieces.
You paid 30 gold pieces to Gozag.

Inventory:

Hand Weapons
 a - a +1 quarterstaff (weapon)
Missiles
 i - 2 throwing nets
Armour
 d - a +0 leather armour
 f - a +2 hat (worn)
 l - a +0 pair of gloves (worn)
 m - a +0 chain mail (worn)
Jewellery
 e - an amulet of regeneration (around neck)
 o - an amulet of reflection
Wands
 b - a wand of flame (10) (quivered)
Scrolls
 h - a scroll of poison
 j - a scroll of blinking
Potions
 c - a potion of lignification
 g - 2 potions of heal wounds
 k - a potion of flight {unknown}


   Skills:
 + Level 3.4 Fighting
 + Level 3.1 Staves
 + Level 1.5 Armour
 + Level 1.0 Dodging
 + Level 0.7 Stealth
 + Level 5.6 Evocations


You had 3 spell levels left.
You didn't know any spells.
Your spell library contained the following spells:

 Spells                   Type           Power      Damage    Failure   Level
 Magic Dart               Conj           0%         1d3       100%        1
 Call Imp                 Summ           0%         N/A       100%        2
 Gell's Gravitas          Tloc           0%         N/A       100%        3
 Lesser Beckoning         Tloc           0%         N/A       100%        3
 Mephitic Cloud           Conj/Pois/Air  0%         N/A       100%        3
 Teleport Other           Tloc           0%         N/A       100%        3


Dungeon Overview and Level Annotations

Branches:
Dungeon (3/15)

Altars:
Gozag


Innate Abilities, Weirdness & Mutations

You have a beak for a mouth.
You have claws for feet.


Message History

Things that are here:
a +0 flail; a +0 spear
Things that are here:
a +0 flail; a +0 spear You now have 158 gold pieces (gained 8).
There is an escape hatch in the ceiling here.
You see here a +0 spear.
You now have 164 gold pieces (gained 6).
You now have 169 gold pieces (gained 5).
You now have 175 gold pieces (gained 6).
You see here a +0 club.
You see here a +0 club.
There is an escape hatch in the ceiling here.
You see here a +0 spear.
Things that are here:
a +0 flail; a +0 spear You open the gate. 5 kobolds come into view.
A kobold is wielding a +0 whip and quivering poisoned darts.
A kobold is wielding a +0 whip and quivering poisoned darts.
The kobold shouts! x3
The kobold throws a poisoned dart.
The poisoned dart hits you!
You are poisoned.
You feel very sick.
The kobold throws a stone.
The stone hits you.
The kobold throws a poisoned dart.
The poisoned dart hits you!
You are more poisoned.
You feel very sick.
The kobold throws a poisoned dart.
The poisoned dart hits you!
You are more poisoned.
You feel very sick.
The kobold throws a stone.
The stone hits you but does no damage.
You feel very sick.
The kobold throws a poisoned dart.
The poisoned dart hits you!
You are lethally poisoned!
The kobold throws a poisoned dart.
The poisoned dart hits you!
You are more poisoned.
* * * LOW HITPOINT WARNING * * *
You feel extremely sick.
You die...
Your body crumbles into a pile of gold.

#.#...## #K.K#
#......#######'''##
.#.......##...KK...#
...............K..##
#.......##.......#
..#.....#####...#.#
##....# #...#.#
##.#)# ###.#.# #.#<#
#@# # #.#.# #.# #
#.###.#.### #.#.#
.......)..#####.#.#
..###.#.#.....<...#
.................##
..###.########.#.#
#. #.#.# # $ #)#.#


You could see 3 kobolds.

Vanquished Creatures
  4 gnolls (D:3)
  A dart slug (D:1)
  6 ball pythons
  4 bats
  6 endoplasms
  5 goblins
  5 hobgoblins
  8 jackals
  2 quokkas
  6 frilled lizards
  5 kobolds
  3 rats
55 creatures vanquished.

Vanquished Creatures (others)
  6 plants (D:1)
6 creatures vanquished.

Grand Total: 61 creatures vanquished

Notes
Turn   | Place    | Note
-------+----------+-------------------------------------------
     0 | D:1      | xian the Tengu Wanderer began the quest for the Orb.
     0 | D:1      | xian set off with the following items: a +1 quarterstaff, a
                  | wand of flame (10), a potion of lignification, a +0 leather
                  | armour.
     0 | D:1      | Reached XP level 1. HP: 14/14 MP: 2/2
   128 | D:1      | Reached XP level 2. HP: 19/19 MP: 3/3
   301 | D:1      | Reached XP level 3. HP: 23/23 MP: 4/4
   546 | D:1      | Reached skill level 1 in Armour
   855 | D:2      | Found an opulent altar of Gozag.
   915 | D:2      | Became a worshipper of Gozag Ym Sagoz the Greedy
  1052 | D:2      | Found a faded altar of an unknown god.
  1497 | D:3      | Reached XP level 4. HP: 28/28 MP: 5/5
  1540 | D:3      | Reached skill level 1 in Dodging
  1580 | D:3      | Succumbed to a kobold's poison

Illustrated notes

Levels and vault maps discovered:
D:1:      heliophobic_arrival_battle_scene, layout_loops_ring,
          serial_bayou_pond_b
D:2:      layout_basic, basic_altar, hellmonk_ecumenical_altar_heavens_door,
          fountainhead, st_stairs_8
D:3:      cheibrodos_fertilizer, layout_loops_ring,
          grunt_temple_overflow_magic_moments, mainiacjoe_overflow_alcove_2,
          serial_shops, nicolae_shop_temple_entry_statues_fountains

Skill      XL: |  1  2  3  4 |
---------------+-------------+-----
Armour         | 1 |  1.5
Staves         | 3 |  3.1
Dodging        | 1 |  1.0
Fighting       | |  3.4
Stealth        | |  0.7
Evocations     | |  5.6

Action                   |  1- 3 |  4- 6 || total
-------------------------+-------+-------++-------
Melee: Quarterstaff      |    94 |    17 ||   111
       Kick              |    22 |     4 ||    26
       Peck              |     9 |     2 ||    11
  Use: Scroll            |     4 |       ||     4
 Stab: Sleeping          |     2 |       ||     2
Armor: Leather armour    |    34 |       ||    34
       Chain mail        |     8 |    10 ||    18
Dodge: Dodged            |    71 |     2 ||    73

Table legend: (Time is in decaauts)
 A = Elapsed time spent in this place.
 B = Non-inter-level travel time spent in this place.
 C = Inter-level travel time spent in this place.
 D = Time resting spent in this place.
 E = Time spent auto-exploring this place.
 F = Levels seen in this place.
 G = Mean time per level.
                   A        B        C        D        E       F      G
               +--------+--------+--------+--------+--------+-----+--------+
         Total |   1599 |   1535 |     64 |      0 |   1034 |   3 |  533.0 |
       Dungeon |   1599 |   1535 |     64 |      0 |   1034 |   3 |  533.0 |
               +--------+--------+--------+--------+--------+-----+--------+

Top non-repeatable levels by time:
     D:1: 806 daAuts
     D:2: 700 daAuts
     D:3: 92 daAuts
